 Dungeon Crawl Stone Soup version 0.29.1-1-gd02db6906a (webtiles) character file.

Game seed: 16689575533883269270

44 Anriel the Poker (level 3, 0/29 HPs)
             Began as a Demonspawn Gladiator on Oct 13, 2022.
             Slain by a scorpion (4 damage)
             ... on level 4 of the Dungeon.
             The game lasted 00:08:17 (1070 turns).

Anriel the Poker (Demonspawn Gladiator)             Turns: 1070, Time: 00:08:17

Health: 0/29       AC:  6    Str: 20    XL:     3   Next: 39%
Magic:  3/3        EV: 11    Int:  8    God:
Gold:   101        SH:  0    Dex: 13    Spells: 2/2 levels left

rFire   + . .      SeeInvis .   a - +0 trident
rCold   + + .      Faith    .   (no shield)
rNeg    . . .      Spirit   .   g - +0 ring mail
rPois   +          Reflect  .   c - +0 helmet
rElec   +          Harm     .   (no cloak)
rCorr   +          Rampage  .   (no gloves)
Will    .....                   (no boots)
Stlth   +.........              (no amulet)
HPRegen 0.09/turn               i - ring of protection from cold
MPRegen 0.08/turn               (no ring)

@: lethally poisoned (0 -> -9), resistant
A: powered by death 2, robust 1, strong 1
a: no special abilities


You were on level 4 of the Dungeon.
You visited 1 branch of the dungeon, and saw 4 of its levels.

You collected 101 gold pieces.

Inventory:

Hand Weapons
 a - a +0 trident (weapon)
Missiles
 d - 3 throwing nets (quivered)
 e - a javelin
Armour
 c - a +0 helmet (worn)
 g - a +0 ring mail (worn)
Magical Staves
 l - a staff of fire
Jewellery
 i - a ring of protection from cold (left hand)
Scrolls
 h - a scroll of enchant armour {unknown}
 m - a scroll of identify
Potions
 f - a potion of resistance


   Skills:
 + Level 2.1 Fighting
 + Level 3.3 Polearms
 + Level 1.9 Throwing
 + Level 0.8 Armour
 * Level 3.1 Dodging


You had 2 spell levels left.
You didn't know any spells.
Your spell library contained the following spells:

 Spells                   Type           Power      Damage    Failure   Level
 Magic Dart               Conj           0%         1d3       58%         1
 Call Imp                 Summ           0%         N/A       73%         2
 Mephitic Cloud           Conj/Pois/Air  0%         N/A       91%         3


Dungeon Overview and Level Annotations

Branches:
Dungeon (4/15)
 Temple: D:4-7

Altars:


Innate Abilities, Weirdness & Mutations

You regenerate health from kills.
You are robust. (+10% HP)
Your muscles are strong. (Str +4, Int/Dex -1)


Message History

You feel very sick. The goblin closely misses you.
The orc hits you with a +0 dagger of venom.
* * * LOW HITPOINT WARNING * * *
Something hits you.
* * * LOW HITPOINT WARNING * * *
It was a potion of mutation.
You feel extremely strange.
You feel stronger.
You feel robust.
* * * LOW HITPOINT WARNING * * *
You feel very sick. The goblin closely misses you.
It was a potion of heal wounds.
You feel much better.
You feel less confused.
You feel very sick. The orc hits you but does no damage.
You are more poisoned.
The goblin hits you with a +0 club.
As you read the scroll labelled FALYOKL EWEUJ, it crumbles to dust.
It is a scroll of identify.
b - a scroll of blinking You feel very sick.
Something hits you. The goblin closely misses you.
The orc hits you with a +0 dagger of venom.
Blink to where?
Press: ? - help, Dir - move target A scorpion comes into view.
Found a stone staircase leading down.
As you read the scroll of blinking, it crumbles to dust.
You feel very sick.
The scorpion stings you but does no damage.
* * * LOW HITPOINT WARNING * * *
You feel very sick. The scorpion stings you.
* * * LOW HITPOINT WARNING * * *
* * * LOW HITPOINT WARNING * * *
You feel sick. The scorpion stings you.
* * * LOW HITPOINT WARNING * * *
The scorpion barely misses you. The scorpion attacks as you move away!
The scorpion stings you.
You die...

### ..# #.#
#.# #.#
#######.#
......>.#
#.@# #s.#
#..# #..#
##..# ....#
#######...#
....[..g..#
#.......##


You could see a scorpion and a goblin.

Vanquished Creatures
  An adder (D:2)
  3 ball pythons
  5 bats
  4 endoplasms
  A giant cockroach (D:1)
  2 hobgoblins (D:2)
  4 jackals (D:2)
  2 quokkas
  A frilled lizard (D:2)
  3 goblins
  2 kobolds (D:1)
  4 rats (D:2)
32 creatures vanquished.

Notes
Turn   | Place    | Note
-------+----------+-------------------------------------------
     0 | D:1      | Anriel the Demonspawn Gladiator began the quest for the
                  | Orb.
     0 | D:1      | Reached XP level 1. HP: 16/16 MP: 1/1
   200 | D:1      | Gained mutation: You regenerate a little health from kills.
                  | [demonic ancestry]
   200 | D:1      | Reached XP level 2. HP: 18/22 MP: 2/2
   354 | D:1      | Found a faded altar of an unknown god.
   750 | D:2      | Gained mutation: You regenerate health from kills. [demonic
                  | ancestry]
   750 | D:2      | Reached XP level 3. HP: 22/27 MP: 3/3
   995 | D:2      | You fall into a shaft and drop 1 floor!
  1064 | D:4      | Gained mutation: Your muscles are strong. (Str +4, Int/Dex
                  | -1) [potion of mutation]
  1064 | D:4      | Gained mutation: You are robust. (+10% HP) [potion of
                  | mutation]
  1064 | D:4      | HP: 1/29 [poisoned by an orc]
  1067 | D:4      | Noticed a scorpion
  1070 | D:4      | Slain by a scorpion

Illustrated notes

Levels and vault maps discovered:
D:1:      nzn_arrival_water_spiral, layout_basic,
          chequers_ecumenical_altar_island, serial_bayou_pond_d
D:2:      minmay_chambers_of_twos, layout_basic, minmay_crystal_water,
          minmay_pentomino_o2
D:3:      layout_rooms, nzn_hepliaklqana_mist_gate, grunt_ministairs_5,
          grunt_decor_junction, kennysheep_generic_room_5
D:4:      layout_basic, serial_undead, serial_undead_e, serial_undead_b,
          serial_undead_f, serial_undead_b

Skill      XL: |  1  2 |
---------------+-------+-----
Polearms       | 3 |  3.3
Dodging        | 3 |  3.1
Fighting       | |  2.1
Throwing       | |  1.9
Armour         | |  0.8

Action                   || total
-------------------------++-------
Melee: Trident           ||   105
  Use: Potion            ||     3
       Scroll            ||     2
Armor: Ring mail         ||    52
       Leather armour    ||     2
Dodge: Dodged            ||    60
